 Dungeon Crawl Stone Soup version 0.21.1-1-g345015f (webtiles) character file.

74458 VLARC the Brawler (level 14, -9/121 HPs)
             Began as a Demigod Transmuter on Feb 28, 2018.
             Mangled by a fire giant
             ... wielding a +3 great sword of flaming
              (14 damage)
             ... on level 13 of the Dungeon.
             The game lasted 01:36:46 (26624 turns).

VLARC the Brawler (Demigod Transmuter)             Turns: 26624, Time: 01:36:47

Health: -9/121     AC:  9    Str: 19    XL:     14   Next: 65%
Magic:  26/30      EV: 22    Int: 19    God:
Gold:   1022       SH:  0    Dex: 18    Spells: 9/29 levels left

rFire    . . .     SeeInvis .     - Unarmed
rCold    . . .     Gourm    .   (shield currently unavailable)
rNeg     . . .     Faith    .   b - +0 troll leather armour
rPois    +         Spirit   .   i - +2 hat {MR+}
rElec    .         Reflect  .   m - +2 cloak
rCorr    .         Harm     .   (gloves currently unavailable)
MR       ++...                  (no boots)
Stlth    +.........             p - amulet of regeneration
HPRegen  1.10/turn              R - ring "Uhaupout" {EV+4 Dex+2}
MPRegen  0.22/turn              L - ring of poison resistance

@: blade hands
A: high mp 1
a: End Transformation


You were on level 13 of the Dungeon.
You were hungry.
You had blades for hands.
You visited 2 branches of the dungeon, and saw 19 of its levels.
You also visited: Ice Cave.

You collected 1196 gold pieces.
You spent 174 gold pieces at shops.

Inventory:

Missiles
 a - 464 arrows
 h - 409 stones (quivered)
 X - a throwing net
Armour
 b - a +0 troll leather armour (worn)
 i - a +2 hat of magic resistance (worn)
 m - a +2 cloak (worn)
 M - a +1 pair of gloves (melded)
 Y - a +2 robe of magic resistance
Jewellery
 d - an uncursed ring of resist corrosion
 p - an amulet of regeneration (around neck)
 t - an uncursed ring of protection from cold
 L - a ring of poison resistance (right scythe-like blade)
 N - an uncursed ring of flight
 Q - an uncursed ring of fire
 R - the ring "Uhaupout" (left scythe-like blade) {EV+4 Dex+2}
   (You found it on level 13 of the Dungeon)

   [ring of evasion]

   It affects your evasion (+4).
   It affects your dexterity (+2).
Wands
 x - a wand of flame (44)
 O - a wand of disintegration (40)
 T - a wand of enslavement (7)
 W - a wand of paralysis (9)
 Z - a wand of polymorph (12)
Scrolls
 c - a scroll of silence
 e - 2 scrolls of fear
 j - 9 scrolls of identify
 u - 2 scrolls of blinking
 w - 9 scrolls of teleportation
 z - 4 scrolls of enchant armour
 C - 5 scrolls of amnesia
 D - a scroll of fog
 K - a scroll of enchant weapon
 P - 9 scrolls of remove curse
Potions
 k - 3 potions of mutation
 n - 5 potions of resistance
 o - 3 potions of berserk rage
 q - 6 potions of lignification
 r - 7 potions of heal wounds
 s - 3 potions of brilliance
 B - 2 potions of cancellation
 F - a potion of ambrosia
 G - a potion of magic
 H - 12 potions of curing
 I - 2 potions of agility
 J - a potion of haste
 U - 3 potions of might
 V - 3 potions of flight
Books
 v - a book of Misfortune

   Spells                             Type                      Level
   a - Confusing Touch                Hexes                        1
   b - Confuse                        Hexes                        3
   c - Gell's Gravitas                Translocation                3
   d - Petrify                        Transmutation/Earth          4
   e - Metabolic Englaciation         Hexes/Ice                    5
   f - Yara's Violent Unravelling     Hexes/Transmutation          5
 y - a book of Debilitation

   Spells                             Type                      Level
   a - Corona                         Hexes                        1
   b - Slow                           Hexes                        2
   c - Inner Flame                    Hexes/Fire                   3
   d - Portal Projectile              Hexes/Translocation          3
   e - Cause Fear                     Hexes                        4
   f - Leda's Liquefaction            Hexes/Earth                  4
 A - a book of Geomancy

   Spells                             Type                      Level
   a - Sandblast                      Earth                        1
   b - Passwall                       Transmutation/Earth          2
   c - Stone Arrow                    Conjuration/Earth            3
   d - Petrify                        Transmutation/Earth          4
   e - Lee's Rapid Deconstruction     Earth                        5
 E - a book of Minor Magic

   Spells                             Type                      Level
   a - Magic Dart                     Conjuration                  1
   b - Blink                          Translocation                2
   c - Call Imp                       Summoning                    2
   d - Slow                           Hexes                        2
   e - Conjure Flame                  Conjuration/Fire             3
   f - Mephitic Cloud                 Conjuration/Poison/Air       3
 S - a book of Enchantments

   Spells                             Type                      Level
   a - Cause Fear                     Hexes                        4
   b - Yara's Violent Unravelling     Hexes/Transmutation          5
   c - Silence                        Hexes/Air                    5
   d - Deflect Missiles               Charms/Air                   6
   e - Discord                        Hexes                        8
Miscellaneous
 g - a box of beasts
Comestibles
 f - 25 rations


   Skills:
 - Level 10.2 Fighting
 + Level 8.9 Dodging
 - Level 15.1 Unarmed Combat
 - Level 8.3 Spellcasting
 - Level 4.0 Conjurations
 - Level 10.0 Transmutations
 - Level 5.2 Ice Magic


You had 9 spell levels left.
You knew the following spells:

 Your Spells              Type           Power        Failure   Level  Hunger
a - Beastly Appendage     Tmut           #####.       9%          1    None
b - Sticks to Snakes      Tmut           #####...     10%         2    None
c - Spider Form           Tmut/Pois      ####......   30%         3    None
d - Ice Form              Ice/Tmut       #####...     30%         4    ###....
e - Blade Hands           Tmut           #####.....   32%         5    #####..
f - Mephitic Cloud        Conj/Pois/Air  ##......     61%         3    None
g - Blink                 Tloc           N/A          56%         2    None


Dungeon Overview and Level Annotations

Branches:
Dungeon (13/15)            Temple (0/1) D:4            Lair (6/6) D:10
  Swamp (0/4) Lair:4       Spider (0/4) Lair:4        Slime (0/5) Lair:6
    Orc (0/2) D:9
 Vaults: D:13-14

Shops:
D:8 *

Annotations:
Lair:1 exclusion: 2 oklob plants
Lair:5 exclusion: oklob plant


Innate Abilities, Weirdness & Mutations

You have an increased reservoir of magic. (+10% MP)


Message History

The centaur hits you.
You slash the fire giant!
The fire giant is moderately wounded.
The centaur completely misses you.
The fire giant hits you with a great sword of flaming!
The fire giant burns you.
You slice the fire giant!!
The fire giant is severely wounded.
The centaur hits you but does no damage.
You shred the fire giant!!!
The fire giant is almost dead.
The centaur misses you.
The fire giant points at you and mumbles some strange words.
The bolt of fire hits you!
* * * LOW HITPOINT WARNING * * *
You hit the fire giant.
The fire giant is almost dead.
The centaur completely misses you.
The fire giant hits you with a great sword of flaming!
You die...

,,,******.#** #.# #........#
##*,,,,,#)# #.# #.....)..#
.##***####***** #.# #####.)..#
..# #[#,,,,,****#.# #####....#
#.# ###.#*****,,,,#.# #........#
#.# #.#.# *,,,**###)# #...))...#
#.###.#.######,,#)((####........#
..#.#†#.#...#.###(##<..[....)####
...#.#.##.#.##.C@)#####......#
...#.#.##.#....c### #......#
...###.##......## #......#
.....#.##.##>#.# #......#
..##.###..##.#.# ***#......#
..##...........# *,,.......#
..##########...#****,*##.....#
### *,,,.....,,,,,,,,,,,,,*
*,*###.#.#,*,***,***,,*


You could see a fire giant and a centaur.

Vanquished Creatures
  Gastronok (Lair:3)
  The ghost of derrymb the Peltast, a journeyman MiFi of Okawaru (Lair:6)
  The ghost of PeterLawrence the Bludgeoner, a journeyman MiFi of Okawaru (Lair:2)
  The ghost of troglodite the Carver, a journeyman MiBe of Trog (D:11)
  A dire elephant (Lair:6)
  Josephine (Lair:4)
  A fire dragon (D:13)
  A rakshasa (D:13)
  Fannar (D:11)
  An ice dragon (Lair:5)
  2 hydras
  2 catoblepae (Lair:6)
  3 centaur warriors (D:13)
  The ghost of PeterLawrence the Basher, a novice MiFi of Okawaru (D:8)
  6 two-headed ogres
  A deep troll shaman (Lair:6)
  6 death yaks (Lair:6)
  Nergalle (Lair:1)
  5 skeletal warriors
  3 unseen horrors
  2 necromancers
  An ugly thing (D:13)
  A cyclops (D:13)
  8 elephants
  5 ice statues
  5 black mambas
  A black mamba (shapeshifter) (D:13)
  7 centaur skeletons
  13 spiny frogs
  A kobold demonologist (D:12)
  6 komodo dragons
  4 rime drakes
  2 efreet (D:13)
  4 ice devils (IceCv)
  A hornet (Lair:2)
  4 trolls
  Prince Ribbit (D:7)
  7 slime creatures
  14 blink frogs
  4 hippogriffs
  4 flying skulls
  6 shadows
  Sigmund (D:3)
  2 redbacks
  A spriggan (D:11)
  A vampire (D:9)
  4 wyverns
  36 yaks
  6 wraiths
  A steam dragon (D:11)
  4 basilisks
  2 hungry ghosts
  4 vampire mosquitoes (Lair:4)
  Menkaure (D:4)
  4 wargs
  Edmund (D:4)
  An acid dragon (D:13)
  5 porcupines
  10 water moccasins
  An orc warrior (D:8)
  A swamp drake (D:10)
  6 ice beasts
  4 black bears
  2 phantoms
  6 ogres
  4 sky beasts
  13 wolves
  A necrophage (D:11)
  An eye of draining (D:10)
  15 centaurs
  14 crocodiles
  A big kobold (D:8)
  A wyvern zombie (D:12)
  15 bullfrogs
  A water moccasin zombie (D:10)
  6 scorpions
  12 killer bees
  A water moccasin skeleton (D:10)
  16 wights
  3 electric eels (D:6)
  2 howler monkeys
  5 crimson imps
  6 bullfrog zombies
  5 centaur zombies
  4 draconian simulacra (IceCv)
  6 jellies
  Crazy Yiuf (D:4)
  13 orc wizards
  14 orc priests
  11 hounds
  9 bullfrog skeletons
  Natasha (thrice) (D:3)
  6 hell rats (Lair:5)
  3 iguanas
  2 troll simulacra (IceCv)
  5 worker ants
  A spriggan simulacrum (IceCv)
  2 killer bee zombies
  2 centaur simulacra (IceCv)
  A hound zombie (D:8)
  5 hound skeletons
  4 worker ant zombies
  Robin (D:3)
  3 gnolls (D:2)
  2 howler monkey skeletons
  24 adders
  A naga simulacrum (IceCv)
  3 shadow imps
  6 oozes
  An adder skeleton (D:10)
  2 worms
  5 leopard geckos
  31 orcs
  4 bats
  9 giant cockroaches
  19 goblins
  11 hobgoblins
  7 jackals
  9 quokkas
  3 ball pythons
  9 frilled lizards
  17 kobolds
  A leopard gecko skeleton (D:8)
  A quokka zombie (D:10)
  11 rats
639 creatures vanquished.

Vanquished Creatures (collateral kills)
  A spiny frog (Lair:2)
  Terence (D:2)
  A frilled lizard (D:2)
3 creatures vanquished.

Vanquished Creatures (others)
  14 fungi
  24 plants
38 creatures vanquished.

Grand Total: 680 creatures vanquished

Notes
Turn   | Place    | Note
-------+----------+-------------------------------------------
     0 | D:1      | VLARC the Demigod Transmuter began the quest for the Orb.
     0 | D:1      | Reached XP level 1. HP: 15/15 MP: 5/5
    26 | D:1      | Reached skill level 1 in Fighting
   474 | D:1      | Reached XP level 2. HP: 14/23 MP: 5/7
   476 | D:1      | Reached skill level 3 in Unarmed Combat
  1081 | D:2      | Reached XP level 3. HP: 22/28 MP: 8/8
  1201 | D:2      | Learned a level 2 spell: Sticks to Snakes
  2125 | D:2      | Reached XP level 4. HP: 9/35 MP: 4/9
  2467 | D:2      | Noticed Terence
  2489 | D:2      | Killed Terence
  2489 | D:2      | Reached skill level 4 in Unarmed Combat
  2561 | D:2      | Found a white marble altar of Elyvilon.
  3143 | D:3      | Noticed Sigmund
  3145 | D:3      | Noticed Natasha
  3255 | D:3      | Reached XP level 5. HP: 35/40 MP: 10/10
  3343 | D:3      | Learned a level 3 spell: Spider Form
  3473 | D:3      | Killed Sigmund
  3473 | D:3      | Reached skill level 5 in Unarmed Combat
  3473 | D:3      | Reached XP level 6. HP: 41/47 MP: 6/11
  3555 | D:3      | Killed Natasha
  3874 | D:3      | Found an ancient bone altar of Kikubaaqudgha.
  4118 | D:3      | Noticed Natasha
  4126 | D:3      | Killed Natasha
  4193 | D:3      | Noticed Natasha
  4201 | D:3      | Killed Natasha
  4252 | D:4      | Noticed Robin
  4265 | D:3      | Reached skill level 5 in Transmutations
  4446 | D:4      | Noticed Edmund
  4462 | D:4      | Killed Edmund
  4462 | D:4      | Reached XP level 7. HP: 43/52 MP: 9/12
  4563 | D:4      | Reached skill level 6 in Unarmed Combat
  4717 | D:3      | Killed Robin
  4886 | D:4      | Found a staircase to the Ecumenical Temple.
  5043 | D:4      | Found a hide-covered altar of Uskayaw.
  5066 | D:4      | Noticed Menkaure
  5069 | D:4      | Killed Menkaure
  5182 | D:4      | Found a shattered altar of Ashenzari.
  5252 | D:4      | Found a runed door.
  5368 | D:4      | Noticed Crazy Yiuf
  5377 | D:4      | Killed Crazy Yiuf
  5477 | D:5      | Entered Level 5 of the Dungeon
  5520 | D:5      | Reached XP level 8. HP: 59/59 MP: 11/13
  5660 | D:5      | Reached skill level 7 in Unarmed Combat
  6228 | D:5      | Found a sparkling altar of Nemelex Xobeh.
  6231 | D:5      | Found a sacrificial altar of Ru.
  6409 | D:5      | Learned a level 4 spell: Ice Form
  6563 | D:6      | Reached skill level 8 in Unarmed Combat
  7074 | D:6      | Found a glowing golden altar of the Shining One.
  7320 | D:7      | Reached XP level 9. HP: 64/64 MP: 10/14
  7602 | D:7      | Noticed Prince Ribbit
  7609 | D:7      | Killed Prince Ribbit
  7609 | D:7      | Reached skill level 1 in Ice Magic
  7748 | D:7      | Reached skill level 9 in Unarmed Combat
  7909 | D:7      | Found a burning altar of Makhleb.
  8581 | D:8      | Found Mianaoha's Assorted Antiques.
  8589 | D:8      | Bought a scroll of identify for 58 gold pieces
  8589 | D:8      | Bought a scroll of identify for 58 gold pieces
  8589 | D:8      | Bought a scroll of identify for 58 gold pieces
  8966 | D:8      | Noticed a two-headed ogre
  9037 | D:8      | Killed a two-headed ogre
  9110 | D:8      | Noticed PeterLawrence's ghost (novice MiFi)
  9127 | D:8      | Killed PeterLawrence's ghost
  9127 | D:8      | Reached skill level 10 in Unarmed Combat
  9127 | D:8      | Reached skill level 5 in Ice Magic
  9127 | D:8      | Reached XP level 10. HP: 20/71 MP: 8/15
  9404 | D:8      | Found a radiant altar of Vehumet.
  9479 | D:8      | Found an opulent altar of Gozag.
  9482 | D:8      | Noticed a two-headed ogre
  9506 | D:8      | Killed a two-headed ogre
  9804 | D:8      | Noticed a two-headed ogre
  9820 | D:8      | Killed a two-headed ogre
 10158 | D:8      | Learned a level 5 spell: Blade Hands
 10495 | D:9      | Found a staircase to the Orcish Mines.
 11395 | D:9      | Reached skill level 11 in Unarmed Combat
 11557 | D:10     | Entered Level 10 of the Dungeon
 11557 | D:10     | Noticed a two-headed ogre
 11587 | D:10     | Noticed a two-headed ogre
 11849 | D:10     | Killed a two-headed ogre
 11849 | D:10     | Reached XP level 11. HP: 61/77 MP: 14/22
 11985 | D:9      | Reached skill level 5 in Spellcasting
 12184 | D:10     | Reached skill level 10 in Transmutations
 12384 | D:10     | Noticed a necromancer
 12391 | D:10     | Killed a necromancer
 12681 | D:9      | Reached skill level 12 in Unarmed Combat
 12922 | D:10     | Noticed a skeletal warrior
 12941 | D:9      | Killed a skeletal warrior
 12990 | D:10     | Killed a two-headed ogre
 12990 | D:10     | Reached skill level 5 in Fighting
 13680 | D:10     | Found a staircase to the Lair.
 13966 | Lair:1   | Entered Level 1 of the Lair of Beasts
 14292 | Lair:1   | Reached XP level 12. HP: 84/96 MP: 21/23
 14494 | Lair:1   | Found a hide-covered altar of Uskayaw.
 14519 | Lair:1   | Noticed Nergalle
 14546 | Lair:1   | Killed Nergalle
 15253 | Lair:2   | Reached skill level 13 in Unarmed Combat
 15339 | Lair:2   | Noticed PeterLawrence's ghost (journeyman MiFi)
 15350 | Lair:2   | Killed PeterLawrence's ghost
 16957 | Lair:3   | Noticed Gastronok
 16989 | Lair:3   | Killed Gastronok
 17513 | Lair:3   | Noticed a six-headed hydra
 17528 | Lair:3   | Killed a six-headed hydra
 17974 | Lair:4   | Reached XP level 13. HP: 110/110 MP: 24/24
 18091 | Lair:3   | Reached skill level 5 in Dodging
 18151 | Lair:4   | Found a hole to the Spider Nest.
 18287 | Lair:4   | Found a staircase to the Swamp.
 18417 | Lair:4   | Reached skill level 14 in Unarmed Combat
 18843 | Lair:4   | Noticed Josephine
 18858 | Lair:4   | Killed Josephine
 19792 | Lair:5   | Found a frozen archway.
 19836 | IceCv    | Entered an ice cave
 20411 | IceCv    | Got a pitted scale mail
 20480 | IceCv    | Identified the cursed +1 scale mail "Voonuoma" {rPois rF- rN+} (You found it in an ice cave)
 20708 | Lair:5   | Found a blossoming altar of Fedhas.
 21256 | Lair:6   | Entered Level 6 of the Lair of Beasts
 21289 | Lair:6   | Reached skill level 10 in Fighting
 21843 | Lair:6   | Learned a level 3 spell: Mephitic Cloud
 21944 | Lair:6   | Noticed derrymb's ghost (journeyman MiFi)
 21972 | Lair:6   | Killed derrymb's ghost
 21972 | Lair:6   | Reached skill level 1 in Conjurations
 22101 | Lair:6   | Found a staircase to the Slime Pits.
 22101 | Lair:6   | Found a viscous altar of Jiyva.
 22925 | Lair:6   | Reached skill level 15 in Unarmed Combat
 22925 | Lair:6   | Reached XP level 14. HP: 113/121 MP: 21/26
 23040 | Lair:6   | Learned a level 2 spell: Blink
 23708 | D:11     | Noticed Fannar
 23720 | D:11     | Killed Fannar
 23863 | D:11     | Noticed troglodite's ghost (journeyman MiBe)
 23882 | D:11     | Killed troglodite's ghost
 26270 | D:13     | Identified the ring "Uhaupout" {EV+4 Dex+2} (You found it on level 13 of the Dungeon)
 26617 | D:13     | Noticed a fire giant
 26623 | D:13     | HP: 4/121 [fire giant/bolt of fire (49)]
 26624 | D:13     | Mangled by a fire giant

Skill      XL: |  1  2  3  4  5  6  7  8  9 10 11 12 13 14 |
---------------+-------------------------------------------+-----
Fighting       | 1 6 8 10 | 10.2
Transmutations | 2 3 4 5 6 8 9 10 | 10.0
Unarmed Combat | 3 4 5 6 8 10 11 12 13 15 | 15.1
Ice Magic      | 5 |  5.2
Spellcasting   | 4 5 8 |  8.3
Dodging        | 4 7 8 |  8.9
Conjurations   | 3 4 |  4.0

Action                   |  1- 3 |  4- 6 |  7- 9 | 10-12 | 13-15 || total
-------------------------+-------+-------+-------+-------+-------++-------
Melee: Unarmed           |   151 |   223 |   349 |   753 |   889 ||  2365
       Punch             |     2 |     1 |     5 |    13 |    53 ||    74
       Kick              |     4 |     4 |    20 |     6 |       ||    34
       Headbutt          |     3 |     4 |       |       |       ||     7
Throw: Stone             |       |     5 |    20 |    17 |     9 ||    51
 Cast: Beastly Appendage |     7 |     5 |     9 |     2 |       ||    23
       Sticks to Snakes  |     1 |     2 |     6 |     6 |     5 ||    20
       Spider Form       |       |     6 |    16 |     9 |       ||    31
       Ice Form          |       |       |     2 |    40 |    23 ||    65
       Blade Hands       |       |       |       |     1 |    26 ||    27
       Mephitic Cloud    |       |       |       |       |     2 ||     2
Evoke: Wand              |       |       |    13 |     6 |     9 ||    28
  Use: Scroll            |       |     6 |    18 |     5 |    10 ||    39
       Potion            |       |       |       |     1 |     1 ||     2
 Stab: Sleeping          |     2 |     3 |     1 |     3 |     3 ||    12
       Distracted        |       |       |       |     2 |     1 ||     3
  Eat: Chunk             |     4 |     9 |    15 |    31 |    33 ||    92
       Ration            |       |       |     1 |     1 |     3 ||     5
Armor: Robe              |     4 |       |       |       |       ||     4
       Leather armour    |    15 |    42 |    64 |     2 |       ||   123
       Skin              |       |     1 |     9 |    79 |    47 ||   136
       Troll leather arm |       |       |       |    79 |   154 ||   233
Dodge: Dodged            |    94 |   159 |   214 |   371 |   523 ||  1361
